| TOP OF THE 1ST |
|
Fargo Brewmasters batting - Pitching for Caldwell Claws : RHP Carlos Gil
|
|
Pitching: RHP Carlos Gil
|
|
|
Batting: RHB Billy Hatcher
|
0-0: Ball 1-0: Called Strike 1-1: Foul Ball, location: 2F 1-2: Strikes out swinging
|
|
Batting: RHB Kevin Buckley
|
0-0: Bunt missed! 0-1: Ball 1-1: Ball 2-1: SINGLE (Groundball, 56, EV 86.9 MPH) (infield hit)
|
|
Batting: LHB Victor Fernandez
|
0-0: Ball 1-0: Ball 2-0: Foul Ball, location: 2F 2-1: Ground out 4-3 (Groundball, 34D, EV 98.8 MPH) Kevin Buckley to second
|
|
Batting: RHB Kenneth Tillman
|
0-0: Ball 1-0: Called Strike 1-1: Ball 2-1: Ground out 5-3 (Groundball, 56, EV 86.3 MPH)
|
| Top of the 1st over - 0 runs, 1 hit, 0 errors, 1 left on base; Fargo 0 - Caldwell 0 |
| BOTTOM OF THE 1ST |
|
Caldwell Claws batting - Pitching for Fargo Brewmasters : RHP Michael Sivik
|
|
Pitching: RHP Michael Sivik
|
|
|
Batting: RHB Ricky Baker
|
0-0: Called Strike 0-1: Ball 1-1: Called Strike 1-2: Ball 2-2: Foul Ball, location: 2F 2-2: Foul Ball, location: 2F 2-2: Ball 3-2: Foul Ball, location: 2F 3-2: Foul Ball, location: 2F 3-2: Base on Balls
|
|
Batting: RHB Israel Gutierrez
|
0-0: Ball 1-0: Foul Ball, location: 2F 1-1: Called Strike 1-2: Ball 2-2: DOUBLE (Line Drive, 9LM, EV 113.8 MPH) Ricky Baker to third Runner from 3rd tries for Home, SAFE, throw by RF to home
|
|
Batting: RHB Charles Despaux
|
0-0: Called Strike 0-1: Ball 1-1: Foul Ball, location: 2F 1-2: Ball 2-2: Foul Ball, location: 2F 2-2: Foul Ball, location: 2F 2-2: Ball 3-2: Ground out 5-3 (Groundball, 56S, EV 85.6 MPH)
|
|
Batting: RHB Anthony Masone
|
0-0: Ground out 6-3 (Groundball, 6, EV 101.9 MPH)
|
|
Batting: LHB Tom Lombarski
|
0-0: Ball 1-0: Ball 2-0: Fly out, F7 (Flyball, 7LM, EV 90.0 MPH)
|
| Bottom of the 1st over - 1 run, 1 hit, 0 errors, 1 left on base; Fargo 0 - Caldwell 1 |
| TOP OF THE 2ND |
|
Fargo Brewmasters batting - Pitching for Caldwell Claws : RHP Carlos Gil
|
|
Batting: RHB Ken Dowell
|
0-0: Called Strike 0-1: Foul Ball, location: 2F 0-2: Strikes out swinging
|
|
Batting: RHB Abe Rael
|
0-0: Called Strike 0-1: Foul Ball, location: 2F 0-2: DOUBLE (Line Drive, 5D, EV 108.8 MPH)
|
|
Batting: SHB Alan Regier
|
0-0: Fly out, F8 (Flyball, 89D, EV 99.4 MPH)
|
|
Batting: RHB Tom Riley
|
0-0: Ball 1-0: Called Strike 1-1: Foul Ball, location: 2F 1-2: Ball 2-2: Foul Ball, location: 2F 2-2: Strikes out swinging
|
| Top of the 2nd over - 0 runs, 1 hit, 0 errors, 1 left on base; Fargo 0 - Caldwell 1 |
| BOTTOM OF THE 2ND |
|
Caldwell Claws batting - Pitching for Fargo Brewmasters : RHP Michael Sivik
|
|
Batting: RHB Tim Glass
|
0-0: Ball 1-0: Fly out, F8 (Flyball, 8RD, EV 94.4 MPH)
|
|
Batting: SHB Drew Perkins
|
0-0: Ball 1-0: Ball 2-0: Swinging Strike 2-1: Ball 3-1: Base on Balls
|
|
Batting: RHB Domingo Ramos
|
0-0: Called Strike 0-1: Swinging Strike 0-2: Foul Ball, location: 2F 0-2: DOUBLE (Line Drive, 78D, EV 105.6 MPH) Drew Perkins to third
|
|
Batting: LHB P.K. Kirsch
|
0-0: Ball 1-0: Ground out U3 (Groundball, 34, EV 104.4 MPH) Drew Perkins scores Domingo Ramos to third
|
|
Batting: RHB Ricky Baker
|
0-0: Ball 1-0: Ball 2-0: Ball 3-0: Called Strike 3-1: SINGLE (Groundball, 4MD, EV 98.1 MPH) Domingo Ramos scores
|
|
Batting: RHB Israel Gutierrez
|
0-0: Ball 1-0: Called Strike 1-1: Ball 2-1: Fly out, F8 (Flyball, 8LS, EV 89.4 MPH)
|
| Bottom of the 2nd over - 2 runs, 2 hits, 0 errors, 1 left on base; Fargo 0 - Caldwell 3 |
| TOP OF THE 3RD |
|
Fargo Brewmasters batting - Pitching for Caldwell Claws : RHP Carlos Gil
|
|
Batting: SHB Steve Scafa
|
0-0: Ball 1-0: Foul Ball, location: 2F 1-1: Ball 2-1: Foul Ball, location: 2F 2-2: Foul Ball, location: 2F 2-2: Ball 3-2: Foul Ball, location: 2F 3-2: Base on Balls
|
|
Batting: RHB Billy Hatcher
|
0-0: Foul Ball, location: 2F 0-1: Called Strike 0-2: Ball 1-2: Foul Ball, location: 2F 1-2: Ball 2-2: Ball 3-2: DOUBLE (Line Drive, 78XD, EV 103.1 MPH) Steve Scafa to third
|
|
Batting: RHB Kevin Buckley
|
0-0: Foul Ball, location: 2F 0-1: Foul Ball, location: 2F 0-2: Ball 1-2: Foul Ball, location: 2F 1-2: Foul Ball, location: 2F 1-2: Foul Ball, location: 2F 1-2: SINGLE (Line Drive, 89S, EV 99.4 MPH) Steve Scafa scores Billy Hatcher to third
|
|
Batting: LHB Victor Fernandez
|
0-0: Ground out U3 (Groundball, 3S, EV 84.4 MPH) Billy Hatcher scores Kevin Buckley to second
|
|
Batting: RHB Kenneth Tillman
|
0-0: Ball 1-0: Called Strike 1-1: Swinging Strike 1-2: Strikes out looking
|
|
Batting: RHB Ken Dowell
|
0-0: Foul Ball, location: 2F 0-1: Foul Ball, location: 2F 0-2: Ball 1-2: Foul Ball, location: 2F 1-2: Ball 2-2: Ball 3-2: Strikes out swinging
|
| Top of the 3rd over - 2 runs, 2 hits, 0 errors, 1 left on base; Fargo 2 - Caldwell 3 |
| BOTTOM OF THE 3RD |
|
Caldwell Claws batting - Pitching for Fargo Brewmasters : RHP Michael Sivik
|
|
Batting: RHB Charles Despaux
|
0-0: Foul Ball, location: 2F 0-1: SINGLE (Groundball, 34D, EV 102.5 MPH)
|
|
Batting: RHB Anthony Masone
|
0-0: Ball 1-0: SINGLE (Line Drive, 89M, EV 96.3 MPH) Charles Despaux to second Runner from 2nd tries for 3rd, SAFE, no throw by CF
|
|
Batting: LHB Tom Lombarski
|
0-0: Swinging Strike 0-1: Ball 1-1: Ball 2-1: Ball 3-1: Base on Balls Anthony Masone to second
|
|
Batting: RHB Tim Glass
|
0-0: Ball 1-0: Fly out, F8 (Flyball, 8LD, EV 97.5 MPH) Runner from 3rd tags up, SCORES, throw by CF Anthony Masone to third
|
|
Now in CF: Phillip Webber
|
|
|
Batting: SHB Drew Perkins
|
0-0: Called Strike 0-1: Ball 1-1: SINGLE (Groundball, 4D, EV 96.9 MPH) Anthony Masone scores Tom Lombarski to second Runner from 2nd tries for 3rd, SAFE, no throw by CF
|
|
Pitching: RHP Stephen Ibarguen
|
|
|
Batting: RHB Domingo Ramos
|
0-0: Called Strike 0-1: Ball 1-1: Foul Ball, location: 2F 1-2: SINGLE (Groundball, 4MD, EV 96.9 MPH) Tom Lombarski scores Drew Perkins to second
|
|
Batting: LHB P.K. Kirsch
|
0-0: Ball 1-0: Foul Ball, location: 2F 1-1: Ball 2-1: Called Strike 2-2: Ball 3-2: Fielders Choice at 2nd, 1-6 (Groundball, P, EV 79.4 MPH) Drew Perkins to third
|
|
Batting: RHB Ricky Baker
|
0-0: Foul Ball, location: 2F 0-1: Ball 1-1: Fly out, F7 (Flyball, 7S, EV 69.4 MPH)
|
| Bottom of the 3rd over - 3 runs, 4 hits, 0 errors, 2 left on base; Fargo 2 - Caldwell 6 |
| TOP OF THE 4TH |
|
Fargo Brewmasters batting - Pitching for Caldwell Claws : RHP Carlos Gil
|
|
Batting: RHB Abe Rael
|
0-0: Called Strike 0-1: Ball 1-1: Foul Ball, location: 2F 1-2: Ball 2-2: Foul Ball, location: 2F 2-2: Ball 3-2: Base on Balls
|
|
Batting: SHB Alan Regier
|
0-0: Ball 1-0: Fly out, F8 (Line Drive, 8RD, EV 106.3 MPH)
|
|
Batting: RHB Tom Riley
|
0-0: SINGLE (Groundball, 5S, EV 66.3 MPH) (infield hit) Abe Rael to second
|
|
Batting: SHB Steve Scafa
|
0-0: Ball 1-0: Foul Ball, location: 2F 1-1: Ball 2-1: Ball 3-1: Base on Balls Abe Rael to third Tom Riley to second
|
|
Batting: RHB Billy Hatcher
|
0-0: Fly out, F7 (Flyball, 7S, EV 82.5 MPH)
|
|
Batting: RHB Kevin Buckley
|
0-0: Ball 1-0: Swinging Strike 1-1: Fielders Choice at 2nd, 6-4 (Groundball, 6, EV 82.5 MPH)
|
| Top of the 4th over - 0 runs, 1 hit, 0 errors, 3 left on base; Fargo 2 - Caldwell 6 |
| BOTTOM OF THE 4TH |
|
Caldwell Claws batting - Pitching for Fargo Brewmasters : RHP Stephen Ibarguen
|
|
Batting: RHB Israel Gutierrez
|
0-0: Ground out 6-3 (Groundball, 6, EV 96.3 MPH)
|
|
Batting: RHB Charles Despaux
|
0-0: Ball 1-0: Ball 2-0: Ball 3-0: Called Strike 3-1: Base on Balls
|
|
Batting: RHB Anthony Masone
|
0-0: Ball 1-0: Foul Ball, location: 2F 1-1: Ball 2-1: 2-RUN HOME RUN (Flyball, 7D, EV 107.5 MPH), Distance : 349 ft
|
|
Batting: LHB Tom Lombarski
|
0-0: Ball 1-0: Ball 2-0: Called Strike 2-1: Ball 3-1: Called Strike 3-2: Strikes out swinging
|
|
Batting: RHB Tim Glass
|
0-0: SOLO HOME RUN (Flyball, 7D, EV 99.4 MPH), Distance : 354 ft
|
|
Batting: SHB Drew Perkins
|
0-0: Foul Ball, location: 2F 0-1: Ball 1-1: Ball 2-1: Foul Ball, location: 2F 2-2: Ground out 4-3 (Groundball, 4, EV 109.4 MPH)
|
| Bottom of the 4th over - 3 runs, 2 hits, 0 errors, 0 left on base; Fargo 2 - Caldwell 9 |
| TOP OF THE 5TH |
|
Fargo Brewmasters batting - Pitching for Caldwell Claws : RHP Carlos Gil
|
|
Batting: RHB Phillip Webber
|
0-0: Ball 1-0: Fly out, F7 (Line Drive, 7D, EV 90.0 MPH)
|
|
Batting: RHB Kenneth Tillman
|
0-0: Ball 1-0: Swinging Strike 1-1: Ball 2-1: Swinging Strike 2-2: Strikes out swinging
|
|
Batting: RHB Ken Dowell
|
0-0: Ball 1-0: Called Strike 1-1: Ball 2-1: Foul Ball, location: 2F 2-2: Strikes out swinging
|
| Top of the 5th over - 0 runs, 0 hits, 0 errors, 0 left on base; Fargo 2 - Caldwell 9 |
| BOTTOM OF THE 5TH |
|
Caldwell Claws batting - Pitching for Fargo Brewmasters : RHP Stephen Ibarguen
|
|
Batting: RHB Domingo Ramos
|
0-0: Ground out 6-3 (Groundball, 6, EV 85.0 MPH)
|
|
Batting: LHB P.K. Kirsch
|
0-0: Foul Ball, location: 2F 0-1: Ball 1-1: Ball 2-1: Fly out, F7 (Flyball, 7S, EV 84.4 MPH)
|
|
Batting: RHB Ricky Baker
|
0-0: Ball 1-0: SINGLE (Groundball, 6MD, EV 96.3 MPH)
|
|
Batting: RHB Israel Gutierrez
|
0-0: Ball 1-0: Ball 2-0: TRIPLE (Flyball, 9LD, EV 105.0 MPH) Ricky Baker scores
|
|
Batting: RHB Charles Despaux
|
0-0: Ball 1-0: Foul Ball, location: 2F 1-1: SINGLE (Groundball, 56, EV 85.6 MPH) (infield hit) Israel Gutierrez scores
|
|
Batting: RHB Anthony Masone
|
0-0: Ball 1-0: Swinging Strike 1-1: Called Strike 1-2: Foul Ball, location: 2F 1-2: Strikes out swinging
|
| Bottom of the 5th over - 2 runs, 3 hits, 0 errors, 1 left on base; Fargo 2 - Caldwell 11 |
| TOP OF THE 6TH |
|
Fargo Brewmasters batting - Pitching for Caldwell Claws : RHP Carlos Gil
|
|
Batting: RHB Abe Rael
|
0-0: Called Strike 0-1: Ball 1-1: Fly out, F8 (Flyball, 8LS, EV 73.8 MPH)
|
|
Batting: SHB Alan Regier
|
0-0: Ground out 4-3 (Groundball, 4, EV 80.0 MPH)
|
|
Batting: RHB Tom Riley
|
0-0: Ground out 6-3 (Groundball, 6, EV 103.8 MPH)
|
| Top of the 6th over - 0 runs, 0 hits, 0 errors, 0 left on base; Fargo 2 - Caldwell 11 |
| BOTTOM OF THE 6TH |
|
Caldwell Claws batting - Pitching for Fargo Brewmasters : RHP Stephen Ibarguen
|
|
Batting: LHB Tom Lombarski
|
0-0: Ball 1-0: Ball 2-0: DOUBLE (Line Drive, 89XD, EV 102.5 MPH)
|
|
Batting: RHB Tim Glass
|
0-0: SINGLE (Line Drive, 6MD, EV 96.9 MPH) Tom Lombarski to third Runner from 3rd tries for Home, SAFE, no throw by CF
|
|
Pitching: RHP Carlos Zuniga
|
|
|
Batting: SHB Drew Perkins
|
0-0: Fly out, F4 (Popup, 34, EV 75.0 MPH)
|
|
Batting: RHB Domingo Ramos
|
0-0: Ball 1-0: Foul Ball, location: 2F 1-1: Foul Ball, location: 2F 1-2: Ball 2-2: Strikes out looking
|
|
Batting: LHB P.K. Kirsch
|
0-0: Ball 1-0: Called Strike 1-1: Fly out, F7 (Flyball, 7S, EV 88.1 MPH)
|
| Bottom of the 6th over - 1 run, 2 hits, 0 errors, 1 left on base; Fargo 2 - Caldwell 12 |
| TOP OF THE 7TH |
|
Fargo Brewmasters batting - Pitching for Caldwell Claws : RHP Carlos Gil
|
|
Pinch Hitting: RHB Gus Polidor
|
0-0: Ball 1-0: Called Strike 1-1: Ball 2-1: Foul Ball, location: 2F 2-2: SINGLE (Line Drive, 7S, EV 100.0 MPH)
|
|
Pinch Hitting: RHB Joseph Herbert
|
0-0: Grounds into double play, 4-6-3 (Groundball, 4, EV 83.1 MPH)
|
|
Pinch Hitting: RHB James Fiori
|
0-0: SINGLE (Flyball, 78M, EV 91.9 MPH)
|
|
Batting: RHB Phillip Webber
|
0-0: Called Strike 0-1: Called Strike 0-2: Fly out, F7 (Flyball, 7LMF, EV 78.8 MPH)
|
| Top of the 7th over - 0 runs, 2 hits, 0 errors, 1 left on base; Fargo 2 - Caldwell 12 |
| BOTTOM OF THE 7TH |
|
Caldwell Claws batting - Pitching for Fargo Brewmasters : RHP Carlos Zuniga
|
|
Now at C: Joseph Herbert
|
|
|
Now at 2B: Gus Polidor
|
|
|
Now in RF: Elton Hooker
|
|
|
Batting: RHB Ricky Baker
|
0-0: Ball 1-0: Ground out 4-3 (Groundball, 4, EV 91.3 MPH)
|
|
Batting: RHB Israel Gutierrez
|
0-0: Called Strike 0-1: TRIPLE (Line Drive, 89XD, EV 98.8 MPH)
|
|
Batting: RHB Charles Despaux
|
0-0: Ground out 6-3 (Groundball, 6, EV 80.0 MPH) Israel Gutierrez scores
|
|
Batting: RHB Anthony Masone
|
0-0: Ground out 3-1 (Groundball, 34, EV 84.4 MPH)
|
| Bottom of the 7th over - 1 run, 1 hit, 0 errors, 0 left on base; Fargo 2 - Caldwell 13 |
| TOP OF THE 8TH |
|
Fargo Brewmasters batting - Pitching for Caldwell Claws : RHP Carlos Gil
|
|
Batting: RHB Kenneth Tillman
|
0-0: Swinging Strike 0-1: Swinging Strike 0-2: Ball 1-2: Ball 2-2: Ball 3-2: Strikes out swinging
|
|
Pinch Hitting: RHB A.J. Hill
|
0-0: Ball 1-0: Ball 2-0: Ball 3-0: Called Strike 3-1: Foul Ball, location: 2F 3-2: DOUBLE (Line Drive, 9LS, EV 96.3 MPH)
|
|
Pinch Hitting: RHB Timothy Wheeler
|
0-0: Foul Ball, location: 2F 0-1: Ground out 6-3 (Groundball, 56, EV 79.4 MPH)
|
|
Batting: SHB Alan Regier
|
0-0: Ball 1-0: Ball 2-0: Called Strike 2-1: Ball 3-1: Called Strike 3-2: Fly out, F8 (Flyball, 89M, EV 88.1 MPH)
|
| Top of the 8th over - 0 runs, 1 hit, 0 errors, 1 left on base; Fargo 2 - Caldwell 13 |
| BOTTOM OF THE 8TH |
|
Caldwell Claws batting - Pitching for Fargo Brewmasters : RHP Carlos Zuniga
|
|
Now at 1B: Timothy Wheeler
|
|
|
Now at 2B: A.J. Hill
|
|
|
Batting: LHB Tom Lombarski
|
0-0: SINGLE (Groundball, 4MD, EV 105.0 MPH)
|
|
Batting: RHB Tim Glass
|
0-0: Ball 1-0: Fly out, F7 (Line Drive, 7D, EV 91.3 MPH)
|
|
Batting: SHB Drew Perkins
|
0-0: Ball 1-0: Grounds into double play, 5-4-3 (Groundball, 5, EV 78.1 MPH)
|
| Bottom of the 8th over - 0 runs, 1 hit, 0 errors, 0 left on base; Fargo 2 - Caldwell 13 |
| TOP OF THE 9TH |
|
Fargo Brewmasters batting - Pitching for Caldwell Claws : RHP Carlos Gil
|
|
Pinch Hitting: RHB Ramon Sosa
|
0-0: Ball 1-0: Called Strike 1-1: Called Strike 1-2: Ball 2-2: Ball 3-2: Foul Ball, location: 2F 3-2: Foul Ball, location: 2F 3-2: Strikes out looking
|
|
Pinch Hitting: RHB Larry Randel
|
0-0: Ball 1-0: Called Strike 1-1: Ball 2-1: Swinging Strike 2-2: Foul Ball, location: 2F 2-2: Strikes out swinging
|
|
Batting: RHB Joseph Herbert
|
0-0: Foul Ball, location: 2F 0-1: Foul Ball, location: 2F 0-2: Ground out 6-3 (Groundball, 6S, EV 73.8 MPH)
|
| Top of the 9th over - 0 runs, 0 hits, 0 errors, 0 left on base; Fargo 2 - Caldwell 13 |
|